 Dungeon Crawl Stone Soup version 0.28-a0-8-g6e044cfa68 (webtiles) character file.

Game seed: 15613372315167763486

7 Spectrina the Magician (level 2, -1/21 HPs)
             Began as a Djinni Necromancer on July 24, 2021.
             Slain by a sky beast (6 damage)
             ... on level 5 of the Dungeon.
             The game lasted 00:03:39 (495 turns).

Spectrina the Magician (Djinni Necromancer)          Turns: 495, Time: 00:03:40

Health: -1/21      AC:  3    Str:  7    XL:     2   Next: 10%
Gold:   49         EV: 12    Int: 16    God:
                   SH:  0    Dex: 13

rFire   + + .      SeeInvis .   i - +2 dagger (venom)
rCold   x . .      Faith    .   (no shield)
rNeg    . . .      Spirit   .   a - +0 robe
rPois   ∞          Reflect  .   (no helmet)
rElec   .          Harm     .   (no cloak)
rCorr   .          Rampage  .   f - +0 pair of gloves
Will    .....                   (boots unavailable)
Stlth   ++........              (no amulet)
HPRegen 0.07/turn               (no ring)
MPRegen 0.00/turn               (no ring)

@: flying
A: sickness immunity, fire resistance 2, cold vulnerability 1, float, innate
caster, hp casting, extra vitality 1
a: no special abilities


You were on level 5 of the Dungeon.
You visited 1 branch of the dungeon, and saw 5 of its levels.

You collected 49 gold pieces.

Inventory:

Hand Weapons
 d - a +0 dagger
 e - a +0 dire flail
 g - a +1 dagger of venom
 i - a +2 dagger of venom (weapon)
Armour
 a - a +0 robe (worn)
 f - a +0 pair of gloves (worn)
Scrolls
 b - a scroll of noise {unknown}
 h - a scroll of teleportation {unknown}
 j - a scroll of brand weapon {unknown}
Potions
 c - a potion of lignification {unknown}
 k - a potion of brilliance {unknown}


   Skills:
 - Level 2.1 Dodging
 - Level 1.5 Stealth
 + Level 3.5 Spellcasting


You couldn't memorise any spells.
You knew the following spells:

 Your Spells              Type           Power      Damage    Failure   Level
a - Pain                  Necr           56%        1d6       4%          1
b - Animate Skeleton      Necr           28%        N/A       4%          1
c - Vampiric Draining     Necr           7%         2d7       12%         3
d - Animate Dead          Necr           7%         N/A       38%         4
e - Agony                 Necr           14%        N/A       75%         5
Your spell library was empty.

Dungeon Overview and Level Annotations

Branches:
Dungeon (5/15)
 Temple: D:4-7

Altars:
Vehumet

Annotations:
D:5 1 transporter


Innate Abilities, Weirdness & Mutations

You are immune to sickness and miasma.
You are immune to poison.
Your flesh is very heat resistant. (rF++)
You are vulnerable to cold. (rC-)
You float through the air rather than walking.
You learn spells naturally, not from books.
Your magical power is your life essence.
You have superior vitality. (+4 HP)


Message History

Press: ? - help, Shift-Dir - straight line Nothing appears to happen.
Casting: Pain (safe; 4% risk of failure)
Confirm with . or Enter, or press ? or * to list all spells.
You don't know that spell.
Unknown command.
Unknown command.
Casting: Pain (safe; 4% risk of failure)
Confirm with . or Enter, or press ? or * to list all spells.
Aiming: Pain (safe; 4% risk of failure)
Press: ? - help, Shift-Dir - straight line Nothing appears to happen.
Unknown command.
Unknown command.
Unknown command.
Casting: Pain (safe; 4% risk of failure)
Confirm with . or Enter, or press ? or * to list all spells.
Aiming: Pain (safe; 4% risk of failure)
Press: ? - help, Shift-Dir - straight line Something writhes in agony.
The gnoll shouts!
Casting: Pain (safe; 4% risk of failure)
Confirm with . or Enter, or press ? or * to list all spells.
Aiming: Pain (safe; 4% risk of failure)
Press: ? - help, Shift-Dir - straight line Something writhes in agony.
A sky beast appears from thin air!
Reactivating autopickup.
Unknown command.
You hit the sky beast but do no damage.
The sky beast is heavily wounded.
The sky beast flickers out of sight!
Deactivating autopickup; reactivate with Ctrl-A.
Something hits you. Something shocks you.
* * * LOW HITPOINT WARNING * * *
Unknown command.
Unknown command.
You hit something but do no damage. Something hits you.
* * * LOW HITPOINT WARNING * * *
Something shocks you.
You die...

#### ...# ### ##.# #.###### .#
...########......##########.#
............................####
.......................###......
≈≈≈≈≈≈≈≈≈≈≈≈≈≈≈≈≈≈≈≈≈≈..........
≈≈≈≈≈≈≈≈≈≈≈≈≈≈≈≈@{≈≈≈≈..........
####...........#####≈≈..........
g8.#.###.©.###.#.8g#≈≈..........
...###g#####©###...#≈≈..........
##...............###≈≈........##
8#.######'######.#8.≈≈....###.#
## #P # ##.≈≈........# #. .
+gg#.≈≈.###..... ## #.##.≈≈..
.....


There were no monsters in sight!

Vanquished Creatures
  3 goblins
  A hobgoblin (D:2)
  A quokka (D:2)
  A kobold (D:4)
6 creatures vanquished.

Notes
Turn   | Place    | Note
-------+----------+-------------------------------------------
     0 | D:1      | Spectrina the Djinni Necromancer began the quest for the
                  | Orb.
     0 | D:1      | Reached XP level 1. HP: 15/15 MP: 0/0
   106 | D:1      | You are sucked into a shaft and drop 1 floor!
   164 | D:4      | Reached XP level 2. HP: 4/21 MP: 0/0
   223 | D:5      | Entered Level 5 of the Dungeon
   459 | D:5      | Found a transporter.
   477 | D:5      | Noticed a sky beast
   479 | D:5      | Noticed a gnoll sergeant
   495 | D:5      | Slain by a sky beast

Illustrated notes

Levels and vault maps discovered:
D:1:      dpeg_arrival_shelter, layout_basic, minmay_misc_feat_cross,
          minmay_unequal
D:2:      layout_basic, shapermc_ecumenical_altar_gd,
          minmay_misc_feat_nine_boxes
D:3:      layout_basic, pdpol_temple_overflow_zin_treasury_gozag_greed,
          tgw_trog, mainiacjoe_overflow_paths, lemuel_tele_altar
D:4:      layout_basic, minmay_temple_entry_proselytizer
D:5:      layout_basic, kennysheep_mini, gammafunk_ghost_gnarly_gnolls,
          nicolae_alphabet_shops, lightli_minifort

Action                   || total
-------------------------++-------
Melee: Dagger            ||     2
 Cast: Pain              ||    15
Armor: Robe              ||     1
Dodge: Dodged            ||     4

Table legend: (Time is in decaauts)
 A = Elapsed time spent in this place.
 B = Non-inter-level travel time spent in this place.
 C = Inter-level travel time spent in this place.
 D = Time resting spent in this place.
 E = Time spent auto-exploring this place.
 F = Levels seen in this place.
 G = Mean time per level.
                   A        B        C        D        E       F      G
               +--------+--------+--------+--------+--------+-----+--------+
         Total |    494 |    450 |     44 |      0 |      0 |   5 |   98.8 |
       Dungeon |    494 |    450 |     44 |      0 |      0 |   5 |   98.8 |
               +--------+--------+--------+--------+--------+-----+--------+

Top non-repeatable levels by time:
     D:4: 245 daAuts
     D:5: 97 daAuts
     D:2: 89 daAuts
     D:1: 34 daAuts
     D:3: 27 daAuts
